 Dungeon Crawl Stone Soup version 0.31-a0-851-g7ff8af7976 (webtiles) character file.

Game seed: 9581727563534329019

1464 TheGamechu the Trooper (level 8, 0/71 HPs)
             Began as a Yellow Draconian Fighter on Oct 5, 2023.
             Was a Follower of Dithmenos.
             Killed from afar by an orc wizard (7 damage)
             ... with a magic dart
             ... on level 6 of the Dungeon.
             The game lasted 00:21:55 (5646 turns).

TheGamechu the Trooper (Yellow Draconian Fighter)   Turns: 5646, Time: 00:21:55

Health: 0/71       AC:  8    Str: 19    XL:     8   Next: 48%
Magic:  8/8        EV: 13    Int:  9    God:    Dithmenos [*.....]
Gold:   301        SH:  0    Dex: 12    Spells: 7/7 levels left

rFire   . . .        x - +0 rapier
rCold   + . .        b - +0 buckler
rNeg    . . .        (body armour unavailable)
rPois   .            (helmet restricted)
rElec   .            I - scarf {shadows}
rCorr   +            r - +0 pair of gloves
SInv    .            w - +0 pair of boots
Will    .....        (no amulet)
Stlth   +            g - ring of flight
HPRegen 0.31/turn    h - ring of protection from cold
MPRegen 0.11/turn

%: no passive effects
@: confused, short of breath, flying, wreathed by umbra
A: spit acid, AC +6, unfitting armour, cold-blooded, acid resistance
a: Breathe Acid, Renounce Religion


You were on level 6 of the Dungeon.
You worshipped Dithmenos.
Dithmenos was aware of your devotion.
You visited 1 branch of the dungeon, and saw 6 of its levels.
You also visited: Ossuary.

You collected 301 gold pieces.

Inventory:

Hand Weapons
 x - a +0 rapier (weapon)
Missiles
 j - 56 stones
 k - 3 poisoned darts
 m - 4 boomerangs
Armour
 b - a +0 buckler (worn)
 r - a +0 pair of gloves (worn)
 w - a +0 pair of boots (worn)
 I - a scarf of shadows (worn)
Jewellery
 g - a ring of flight (left hand)
 h - a ring of protection from cold (right hand)
 D - a ring of poison resistance
Wands
 a - a wand of quicksilver (1)
 e - a wand of iceblast (1)
 o - a wand of paralysis (4)
 C - a wand of digging (6)
Scrolls
 f - 4 scrolls of blinking
 i - a scroll of brand weapon
 p - a scroll of vulnerability {unknown}
 q - 3 scrolls of teleportation {unknown}
 s - 2 scrolls of fog {unknown}
 v - 3 scrolls of torment
 y - a scroll of enchant armour {unknown}
 B - 3 scrolls of revelation {unknown}
 E - a scroll of poison {unknown}
 F - 2 scrolls of identify
 G - 2 scrolls of silence {unknown}
Potions
 c - 5 potions of might
 d - a potion of magic {unknown}
 l - a potion of cancellation {unknown}
 n - a potion of curing
 t - a potion of enlightenment {unknown}
 u - a potion of brilliance
 z - 2 potions of haste {unknown}
 A - a potion of attraction {unknown}
 H - a potion of resistance {unknown}
 J - a potion of lignification {unknown}


   Skills:
 + Level 6.4 Fighting
 + Level 3.8(4.2) Short Blades
 - Level 2.4(3.5) Long Blades
 + Level 5.4 Dodging
 + Level 4.6 Stealth
 - Level 5.0 Shields


You had 7 spell levels left.
You didn't know any spells.
Your spell library contained the following spells:

 Spells                   Type           Power      Damage    Failure   Level
 Cigotuvi's Dreadful Rot  Necr/Pois/Air  0%         N/A       58%         2
 Ignite Poison            Fire/Tmut/Pois 0%         N/A       83%         3
 Freezing Cloud           Conj/Ice/Air   0%         6-21      100%        5


Dungeon Overview and Level Annotations

Branches:
Dungeon (6/15)            Ossuary (visited)
 Temple: D:4-7

Altars:
Dithmenos
Okawaru
Qazlal
Ru
Sif Muna
Vehumet
Xom
Zin
The Shining One

Shops:
D:1 [


Innate Abilities, Weirdness & Mutations

You can spit globs of acid.
Your golden yellow scales are hard. (AC +6)
You cannot fit into any form of body armour.
You are cold-blooded and may be slowed by cold attacks.
You are resistant to acid. (rCorr)


Message History

Aim: an orc priest, wielding a +0 hand axe and wearing a +0 leather armour (64% to hit)
You spit a glob of acid.
The glob of acid misses the orc priest.
You hit the orc priest.
The orc priest is moderately wounded.
The orc priest hits you but does no damage.
You closely miss the orc priest.
The orc priest is moderately wounded.
The orc priest misses you.
An orc wizard breaks down the door.
You hit the orc priest but do no damage.
You tail-slap the orc priest.
The orc priest is heavily wounded.
The orc priest barely misses you.
The orc wizard points at you and mumbles some strange words.
The puff of flame hits you.
* * * LOW HITPOINT WARNING * * *
You hit the orc priest.
The orc priest is severely wounded.
The orc priest misses you.
The orc wizard points at you and mumbles some strange words.
You are confused.
You hit the orc priest but do no damage.
The orc priest is severely wounded.
The orc priest barely misses you.
The orc priest invokes the aid of Beogh against you.
You struggle to resist.
The orc wizard attacks as it pursues you!
The orc wizard hits you but does no damage.
The orc priest hits you but does no damage.
The orc wizard barely misses you.
The orc warrior shouts!
The orc warrior zaps a wand.
The mass of ice explodes!
The iceblast engulfs you! You partially resist.
* * * LOW HITPOINT WARNING * * *
The orc wizard points at you and mumbles some strange words.
The magic dart hits you.
* * * LOW HITPOINT WARNING * * *
The orc priest begins to cast a cantrip, but forgets the words!
The orc wizard casts a spell at you. The magic dart hits you!
You die...

.....#.#.#####
#..#...#.#...
#..#.......#.
######..#<#.....#.#
........#.........#
######
......>............
........
........#.#.#.#o###
#......#
##+###oo#.#.#.#.#
#......# #..#.#.#.#@###
#......#
.[.#.#.#..o.o###.....?#
o...#...#.....'o'......#
###..#####.....###......#
.............# #†.....#
o.######.....# #.######
#.....# #.# ##.....# #o#
#.....## #.#


You could see an orc warrior, 2 orc priests and an orc wizard.

Vanquished Creatures
  The ghost of Joey1 the Chopper, an amateur MiBe of Trog (D:3)
  2 black bears
  A hornet zombie (D:3)
  4 phantoms
  A wyvern zombie (Ossuary)
  A howler monkey (D:6)
  2 orc priests
  A hound (D:4)
  2 sleepcaps
  4 iguanas
  7 mummies (Ossuary)
  2 orc wizards (D:5)
  A howler monkey zombie (Ossuary)
  A howler monkey skeleton (D:3)
  3 adders
  10 gnolls
  2 shadow imps (D:5)
  2 white imps (D:6)
  A worm (D:2)
  8 orcs
  2 ball pythons (D:2)
  3 bats
  An endoplasm (D:4)
  4 giant cockroaches
  2 hobgoblins (D:2)
  3 jackals (D:5)
  2 kobolds
  2 quokkas
  A frilled lizard (D:3)
  3 goblins
  2 rats
81 creatures vanquished.

Vanquished Creatures (others)
  An orc (D:6)
1 creature vanquished.

Grand Total: 82 creatures vanquished

Notes
Turn   | Place    | Note
-------+----------+-------------------------------------------
     0 | D:1      | TheGamechu the Draconian Fighter began the quest for the
                  | Orb.
     0 | D:1      | Reached XP level 1. HP: 19/19 MP: 1/1
    73 | D:1      | Found Xiboimn's Armour Boutique.
   612 | D:2      | Found a faded altar of an unknown god.
   660 | D:2      | Reached XP level 2. HP: 25/26 MP: 2/2
   807 | D:2      | Identified the +0 dagger of Patterns {heavy, rC- Dex+4}
  1279 | D:3      | Found a glowing golden altar of the Shining One.
  1306 | D:3      | You are sucked into a shaft and drop 1 floor!
  1314 | D:3      | Found a runed translucent gate.
  1314 | D:3      | Found a runed translucent gate.
  1314 | D:3      | Found a runed translucent gate.
  1374 | D:3      | Reached XP level 3. HP: 12/33 MP: 3/3
  1503 | D:3      | Found a shadowy altar of Dithmenos.
  1514 | D:3      | Became a worshipper of Dithmenos the Shadowed
  1624 | D:3      | Noticed Joey1's ghost (amateur MiBe)
  1757 | D:3      | Killed Joey1's ghost
  1758 | D:3      | Reached skill level 4 in Fighting
  1758 | D:3      | Reached skill level 1 in Stealth
  1758 | D:3      | Reached XP level 4. HP: 8/41 MP: 4/4
  1758 | D:3      | Reached XP level 5. HP: 10/47 MP: 5/5
  1773 | D:3      | Reached XP level 6. HP: 10/53 MP: 6/6
  2734 | D:3      | Reached skill level 1 in Short Blades
  3249 | D:5      | Entered Level 5 of the Dungeon
  3467 | D:5      | Reached skill level 5 in Fighting
  3468 | D:5      | Your scales start taking on a golden yellow colour.
  3468 | D:5      | Reached XP level 7. HP: 18/61 MP: 7/7
  3468 | D:5      | Gained mutation: You are resistant to acid. (rCorr) [Yellow
                  | Draconian growth]
  3471 | D:5      | Reached skill level 5 in Shields
  3667 | D:5      | Found a shimmering blue altar of Sif Muna.
  3734 | D:5      | Found a sand-covered staircase.
  3741 | Ossuary  | Entered an ossuary
  3766 | Ossuary  | Reached * piety under Dithmenos
  4208 | D:5      | Found a radiant altar of Vehumet.
  4208 | D:5      | Found a shimmering altar of Xom.
  4354 | D:5      | Found a glowing silver altar of Zin.
  4355 | D:5      | Found a sacrificial altar of Ru.
  4964 | D:5      | Reached XP level 8. HP: 51/70 MP: 8/8
  5113 | D:6      | Reached skill level 6 in Fighting
  5113 | D:6      | Reached skill level 5 in Dodging
  5226 | D:6      | Found a stormy altar of Qazlal.
  5513 | D:6      | Found an iron altar of Okawaru.
  5628 | D:6      | HP: 3/71 [orc warrior/iceblast (9)]
  5646 | D:6      | Killed from afar by an orc wizard

Illustrated notes

Levels and vault maps discovered:
D:1:      dpeg_arrival_stonehenge_8_columns, layout_basic, serial_shops, shop,
          serial_rivers, chequers_serial_rivers_micro_d,
          chequers_serial_rivers_micro_d, chequers_serial_rivers_micro_d,
          chequers_serial_rivers_large_a, chequers_serial_rivers_micro_c,
          chequers_serial_rivers_marsh, minmay_misc_feat_nine_boxes
D:2:      layout_rooms, basic_ecumenical_altar
D:3:      layout_loops_corners, mainiacjoe_overflow_alcove_2,
          nicolae_dithmenos_the_darkroom, gammafunk_ghost_necromancy
D:4:      layout_rooms
D:5:      layout_loops_cross, gammafunk_temple_overflow_wave,
          nicolae_sif_muna_little_library, gammafunk_temple_overflow_statue,
          chequers_ossuary_entry_cave
D:6:      layout_basic, lemuel_tele_altar, mainiacjoe_overflow_24_doors

Skill      XL: |  1  2  3  4  5  6  7  8 |
---------------+-------------------------+-----
Dodging        | 3 4 5 |  5.4
Fighting       | 4 5 6 |  6.4
Stealth        | 1 2 4 |  4.6
Shields        | 4 5 |  5.0
Short Blades   | 1 3 |  3.8
Long Blades    | |  2.4

Action                     |  1- 3 |  4- 6 |  7- 9 || total
---------------------------+-------+-------+-------++-------
  Melee: Long sword        |    70 |    11 |       ||    81
         Tailslap          |     8 |    22 |    33 ||    63
         Rapier            |       |   122 |   270 ||   392
  Throw: Boomerang         |     8 |    10 |    12 ||    30
Ability: Breathe Acid      |       |       |    13 ||    13
  Evoke: Wand              |     1 |     9 |     8 ||    18
    Use: Scroll            |       |     5 |       ||     5
         Potion            |       |       |     1 ||     1
   Stab: Paralysed         |     4 |    15 |       ||    19
         Sleeping          |       |     2 |     2 ||     4
 Armour: Skin              |    37 |   130 |   176 ||   343
  Dodge: Dodged            |    44 |   101 |   186 ||   331
  Block: Buckler           |    11 |    45 |    80 ||   136

Table legend: (Time is in decaauts)
 A = Elapsed time spent in this place.
 B = Non-inter-level travel time spent in this place.
 C = Inter-level travel time spent in this place.
 D = Time resting spent in this place.
 E = Time spent auto-exploring this place.
 F = Levels seen in this place.
 G = Mean time per level.
                   A        B        C        D        E       F      G
               +--------+--------+--------+--------+--------+-----+--------+
         Total |   5764 |   5472 |    292 |    960 |   2958 |   7 |  823.4 |
       Dungeon |   5492 |   5200 |    292 |    801 |   2957 |   6 |  915.3 |
       Ossuary |    271 |    271 |      0 |    159 |      1 |   1 |  271.0 |
               +--------+--------+--------+--------+--------+-----+--------+

Top non-repeatable levels by time:
     D:3: 1671 daAuts
     D:5: 1384 daAuts
     D:6: 711 daAuts
     D:4: 622 daAuts
     D:1: 613 daAuts
     D:2: 488 daAuts
 Ossuary: 271 daAuts
